Map: Thunderbird LE

Players

sandboX - Winner!

  • Race: Zerg Zerg
  • League: Gold
  • Spawn Location: 5:00

chider

  • Race: Terran Terran
  • League: Gold
  • Spawn Location: 11:00

VOD

Have the link to the VOD?

Description

Time

  • Played on: Aug. 15, 2019, 2:18 a.m.
  • Length: 12:01
Show
View Real Time Build Order
Export as new Build Order

sandboX Zerg - Winner!

Build Orders: Hatch First 

Get SALT Encoding   

  12  0:01  Drone  
  13  0:23  Drone  
  14  0:29  Overlord  
  14  0:39  Extractor  
  14  0:40  Drone  
  15  0:47  Drone  
  16  0:57  Hatchery  
  15  1:05  Drone x2  
  15  1:08  Drone  
  18  1:16  Extractor  
  17  1:20  Spawning Pool  
  17  1:25  Drone  
  17  1:30  Drone  
  18  1:40  Drone  
  19  1:53  Drone  
  20  2:07  Zergling x2  
  21  2:09  Zergling x2  
  21  2:10  Queen  
  21  2:11  Queen  
  26  2:18  Drone, Metabolic Boost  
  27  2:23  Drone  
  28  2:33  Overlord  
  28  2:52  Hatchery  
  27  3:01  Overlord  
  27  3:02  Zergling x10  
  29  3:15  Spine Crawler  
  29  3:16  Zergling x2  
  29  3:19  Spine Crawler  
  27  3:25  Spine Crawler  
  25  3:47  Drone x6  
  29  4:16  Zergling x16  
  36  4:35  Roach Warren  
  34  4:52  Queen  
  29  5:00  Drone x8  
  37  5:10  Drone x2  
  39  5:34  Baneling Nest  
  38  5:37  Drone x6  
  38  5:39  Overlord  
  44  6:05  Roach Warren  
  44  6:32  Baneling  
  44  6:33  Baneling x16  
  44  6:34  Baneling  
  44  6:37  Roach x4  
  44  6:39  Overlord x4  
  52  6:51  Hatchery  
  51  7:19  Extractor  
  51  7:21  Extractor  
  51  7:22  Drone x2  
  51  7:23  Drone x13  
  51  7:26  Lair  
  64  7:30  Drone  
  64  7:31  Drone  
  66  7:57  Spore Crawler  
  65  7:59  Spore Crawler  
  65  8:03  Drone x11  
  75  8:09  Extractor x2  
  73  8:15  Evolution Chamber  
  73  8:16  Queen  
  73  8:19  Evolution Chamber  
  73  8:33  Drone x3  
  73  8:34  Drone x6  
  82  8:49  Glial Reconstitution  
  82  8:52  Hydralisk Den, Zerg Ground Armor Level 1, Zerg Missile Weapons Level 1  
  78  9:08  Roach x8  
  89  9:17  Roach  
  89  9:18  Overlord x3  
  89  9:21  Muscular Augments  
  89  9:36  Extractor  
  88  9:46  Roach x13  
  114  9:53  Spore Crawler  
  114  9:59  Overlord x3  
  113  10:00  Overlord  
  113  10:13  Tunneling Claws  
  113  10:30  Hydralisk  
  113  10:31  Hydralisk x6, Roach x3  
  113  10:32  Grooved Spines  
  133  10:48  Roach  
  135  10:50  Roach  
  135  10:52  Hydralisk x4  
  135  10:55  Overlord x3  
  145  11:16  Hydralisk  
  147  11:23  Hatchery  
  146  11:35  Roach x8  
  146  11:36  Hydralisk  
Show
View Real Time Build Order
Export as new Build Order

chider Terran 

Build Orders:  

Get SALT Encoding   

  12  0:04  SCV  
  13  0:15  Supply Depot  
  13  0:17  SCV  
  14  0:51  SCV  
  14  0:54  Refinery  
  15  1:02  Barracks  
  15  1:03  SCV  
  16  1:08  Barracks  
  16  1:15  Refinery, SCV  
  17  1:28  SCV  
  18  1:40  SCV  
  19  1:49  Reaper  
  19  1:52  SCV  
  21  1:55  Reaper  
  22  2:04  Engineering Bay, SCV  
  23  2:09  Supply Depot  
  23  2:31  Reaper x2, SCV  
  26  2:38  Terran Infantry Weapons Level 1  
  26  3:03  Reaper  
  27  3:08  Reaper  
  27  3:35  Reaper  
  27  3:39  Orbital Command  
  27  3:40  Factory, Reaper  
  27  4:07  Reaper  
  28  4:12  Reaper  
  24  5:19  SCV  
  24  5:20  Starport  
  25  5:27  Command Center  
  25  5:31  SCV, Factory Reactor  
  25  5:34  Terran Infantry Armor Level 1  
  26  5:43  SCV  
  27  6:10  Hellion x2  
  31  6:26  Supply Depot  
  31  6:38  SCV  
  32  6:44  Widow Mine x2  
  32  6:46  Orbital Command  
  36  6:50  SCV  
  37  6:55  Barracks Reactor, Starport Reactor, Barracks Tech Lab  
  37  6:58  Supply Depot  
  37  7:03  SCV  
  38  7:23  SCV  
  38  7:27  Combat Shield, Marauder  
  41  7:31  SCV  
  41  7:35  SCV  
  43  7:42  Barracks, Medivac  
  43  7:43  SCV, Medivac  
  48  7:47  SCV, Marine x2  
  48  7:48  Marine  
  48  7:50  Hellion x2  
  56  7:52  Supply Depot  
  56  7:55  SCV  
  56  7:58  Armory  
  57  7:59  SCV  
  58  8:11  SCV, Marauder  
  61  8:13  Barracks  
  61  8:14  Medivac x2  
  65  8:21  Widow Mine x2  
  69  8:32  Barracks Reactor  
  69  8:35  Orbital Command  
  65  9:18  Barracks Tech Lab  
  65  9:24  Supply Depot  
  65  9:33  Engineering Bay  
  65  9:50  Supply Depot  
  65  9:54  SCV x2, Marauder x2, Supply Depot  
  65  9:56  Widow Mine x2  
  75  10:03  Engineering Bay  
  75  10:06  SCV x2  
  77  10:11  Refinery  
  77  10:13  Refinery  
  77  10:18  SCV  
  78  10:27  Marine x3, Marauder x2  
  78  10:28  Marine  
  86  10:30  SCV  
  86  10:35  Widow Mine x2  
  91  10:45  Marine x3  
  94  10:51  Command Center  
  94  11:00  Supply Depot  
  94  11:06  Supply Depot  
  94  11:21  Marine x2  
  94  11:22  Marauder, Medivac x2  
  102  11:28  SCV x2, Marine x2, Marauder  
  108  11:39  Marine x2, Supply Depot  
  105  11:40  SCV, Supply Depot  
Tags
 
Add a new tag
Caveats
  • Supply blocks, unpowered buildings, or Contaminate may cause inaccurate times.
  • Supply counts are checked every 10 seconds.